 Dungeon Crawl Stone Soup version 0.29-a0-730-g5686a2c4f1 (webtiles) character file.

Game seed: 17562130174156141047

14 dolemite99 the Shooter (level 2, 0/24 HPs)
             Began as a Meteoran Hunter on June 29, 2022.
             Slain by a worm (7 damage)
             ... on level 2 of the Dungeon.
             The game lasted 00:01:00 (335 turns).

dolemite99 the Shooter (Meteoran Hunter)             Turns: 335, Time: 00:01:01

Health: 0/24       AC:  3    Str: 12    XL:     2   Next: 76%
Magic:  3/3        EV: 12    Int: 10    God:
Gold:   21         SH:  0    Dex: 17    Spells: 1/1 levels left

rFire   . . .      SeeInvis .   a - +0 shortbow
rCold   . . .      Faith    .   (shield currently unavailable)
rNeg    . . .      Spirit   .   c - +0 leather armour
rPois   .          Reflect  .   (no helmet)
rElec   .          Harm     .   (no cloak)
rCorr   .          Rampage  .   (no gloves)
Will    .....                   (no boots)
Stlth   +.........              (no amulet)
HPRegen 0.08/turn               (no ring)
MPRegen 0.08/turn               (no ring)

@: mighty, glowing
A: sense surroundings 1, otherworldly, glowing, explore regen
a: no special abilities


You were on level 2 of the Dungeon.
You visited 1 branch of the dungeon, and saw 2 of its levels.

You collected 21 gold pieces.

Inventory:

Hand Weapons
 a - a +0 shortbow (weapon)
Armour
 c - a +0 leather armour (worn)
 i - a +0 scale mail
Jewellery
 h - a ring of resist corrosion
 l - a +4 ring of evasion
Scrolls
 b - a scroll of immolation
 d - a scroll of blinking {unknown}
 f - 2 scrolls of identify {unknown}
 k - a scroll of torment {unknown}
Potions
 g - a potion of lignification {unknown}


   Skills:
 - Level 2.1 Fighting
 + Level 5.1 Ranged Weapons
 - Level 2.4 Dodging
 - Level 0.6 Stealth


You had one spell level left.
You didn't know any spells.
Your spell library was empty.

Dungeon Overview and Level Annotations

Branches:
Dungeon (2/15) Zot: 853

Altars:

Shops:
D:1 [


Innate Abilities, Weirdness & Mutations

You passively map a small area around you.
You are easily found by Zot.
You glow in the dark.
You regain HP and MP as you explore.


Message History

The frilled lizard bites you but does no damage.
The kobold hits you with a +0 club.
You shoot an arrow. The arrow hits the kobold!
You kill the kobold!
The frilled lizard barely misses you. The kobold hits you but does no damage.
The frilled lizard barely misses you. The kobold hits you with a +0 dagger.
The worm barely misses you.
You shoot an arrow. The arrow hits the worm.
The worm is moderately wounded.
The frilled lizard bites you but does no damage.
The kobold hits you with a +0 dagger. The worm completely misses you.
You shoot an arrow. The arrow hits the worm!
The worm is severely wounded.
The frilled lizard bites you but does no damage.
The kobold hits you but does no damage.
You shoot an arrow. The arrow hits the worm.
The worm is severely wounded.
The frilled lizard closely misses you. The kobold hits you with a +0 dagger.
The worm bites you but does no damage. The kobold hits you with a +0 dagger.
The frilled lizard misses you.
You shoot an arrow. The arrow hits the worm.
The worm is severely wounded.
The worm bites you!
* * * LOW HITPOINT WARNING * * *
The frilled lizard barely misses you. The kobold hits you but does no damage.
Fire: a) +0 shortbow
Press: ? - help, Q - select action Shift-Dir - straight line, f/p - worm
Aim: a worm (severely wounded)
You shoot an arrow. The arrow barely misses the worm.
The frilled lizard barely misses you. The kobold hits you with a +0 dagger.
* * * LOW HITPOINT WARNING * * *
The worm bites you.
* * * LOW HITPOINT WARNING * * *
It was a potion of might.
You feel very mighty all of a sudden. The frilled lizard barely misses you.
The kobold misses you.
It was a potion of curing.
You feel better. The frilled lizard closely misses you. The kobold misses you.
The worm bites you!
You die...

, * * ....#
* ...#######
, ,
.......... *
#......... *
**
#.........
#......... *
#.wl...... ,
* *
#.@K......,
, #..)....$.
, ,
#.........
#........! ,
,
#.<.......,
, ,
,..........,
, ,
..........
...########
,


You could see a worm, a kobold and a frilled lizard.

Vanquished Creatures
  A dart slug (D:1)
  A ball python (D:1)
  2 endoplasms (D:1)
  A hobgoblin (D:1)
  A kobold (D:2)
  A quokka (D:1)
  2 frilled lizards (D:1)
  2 rats (D:1)
11 creatures vanquished.

Notes
Turn   | Place    | Note
-------+----------+-------------------------------------------
     0 | D:1      | dolemite99 the Meteoran Hunter began the quest for the Orb.
     0 | D:1      | Reached XP level 1. HP: 17/17 MP: 2/2
    70 | D:1      | Reached XP level 2. HP: 24/24 MP: 3/3
   197 | D:1      | Found Nuojiogg's Armour Boutique.
   210 | D:1      | Reached skill level 5 in Ranged Weapons
   333 | D:2      | HP: 1/24 [worm (3)]
   335 | D:2      | Slain by a worm

Illustrated notes

Levels and vault maps discovered:
D:1:      tarquinn_simple_flora_water_f, layout_loops_ring, serial_shops,
          nicolae_shop_stone
D:2:      layout_basic, hellmonk_ecumenical_altar_defaced_shrine,
          chequers_serial_rivers_small_a, minmay_mini_jars, uniq_sigmund

Skill      XL: |  1  2 |
---------------+-------+-----
Ranged Weapons | 5 |  5.1
Fighting       | |  2.1
Dodging        | |  2.4
Stealth        | |  0.6

Action                   || total
-------------------------++-------
 Fire: Shortbow          ||    34
  Use: Potion            ||     2
Armor: Leather armour    ||    10
Dodge: Dodged            ||    22

Table legend: (Time is in decaauts)
 A = Elapsed time spent in this place.
 B = Non-inter-level travel time spent in this place.
 C = Inter-level travel time spent in this place.
 D = Time resting spent in this place.
 E = Time spent auto-exploring this place.
 F = Levels seen in this place.
 G = Mean time per level.
                   A        B        C        D        E       F      G
               +--------+--------+--------+--------+--------+-----+--------+
         Total |    345 |    304 |     41 |      0 |    175 |   2 |  172.5 |
       Dungeon |    345 |    304 |     41 |      0 |    175 |   2 |  172.5 |
               +--------+--------+--------+--------+--------+-----+--------+

Top non-repeatable levels by time:
     D:1: 329 daAuts
     D:2: 16 daAuts
